 Dungeon Crawl Stone Soup version 0.21.0-3-g78d12a8 (webtiles) character file.

58 pomescollege the Firebug (level 3, 0/24 HPs)
             Began as a Demonspawn Fire Elementalist on Jan 15, 2018.
             Slain by a bat (1 damage)
             ... on level 1 of the Dungeon.
             The game lasted 00:05:35 (1348 turns).

pomescollege the Firebug (DsFE)                     Turns: 1348, Time: 00:05:35

Health: 0/24       AC:  2    Str:  8    XL:     3   Next: 75%
Magic:  0/6        EV: 12    Int: 17    God:
Gold:   21         SH:  0    Dex: 13    Spells: 2/6 levels left

rFire    . . .     SeeInvis .   h - +0 dagger
rCold    . . .     Gourm    .   (no shield)
rNeg     . . .     Faith    .   a - +0 robe
rPois    .         Spirit   .   (no helmet)
rElec    .         Reflect  .   (no cloak)
rCorr    .         Harm     .   (no gloves)
MR       .....                  (no boots)
Stlth    ++........             (no amulet)
HPRegen  0.08/turn              (no ring)
MPRegen  0.10/turn              (no ring)

@: no status effects
A: hooves 1
a: no special abilities


You were on level 1 of the Dungeon.
You were not hungry.

You visited 1 branch of the dungeon, and saw 2 of its levels.

You collected 21 gold pieces.

Inventory:

Hand Weapons
 h - a +0 dagger (weapon)
Armour
 a - a +0 robe (worn)
Scrolls
 d - a scroll of identify {unknown}
Books
 b - a book of Flames

   Spells                             Type                      Level
   a - Flame Tongue                   Conjuration/Fire             1
   b - Throw Flame                    Conjuration/Fire             2
   c - Conjure Flame                  Conjuration/Fire             3
   d - Inner Flame                    Hexes/Fire                   3
   e - Sticky Flame                   Conjuration/Fire             4
   f - Fireball                       Conjuration/Fire             5
Comestibles
 c - 2 rations


   Skills:
 - Level 2.1 Dodging
 - Level 1.8 Stealth
 - Level 2.1 Spellcasting
 + Level 2.2 Conjurations
 + Level 3.5 Fire Magic


You had 2 spell levels left.
You knew the following spells:

 Your Spells              Type           Power        Failure   Level  Hunger
a - Flame Tongue          Conj/Fire      ##...        6%          1    #......
b - Conjure Flame         Conj/Fire      ##......     17%         3    ###....


Dungeon Overview and Level Annotations

Branches:
Dungeon (2/15)

Altars:


Innate Abilities, Weirdness & Mutations

You have large cloven feet.


Message History

Casting: Flame Tongue
Confirm with . or Enter, or press ? or * to list all spells.
Aiming: Flame Tongue
Press: ? - help, Shift-Dir - straight line, f/p - hobgoblin
Aim: a hobgoblin (severely wounded)
The flame tongue hits the bat.
The bat is heavily wounded.
The bat barely misses you.
Casting: Flame Tongue
Confirm with . or Enter, or press ? or * to list all spells.
Aiming: Flame Tongue
Press: ? - help, Shift-Dir - straight line, f - bat, p - hobgoblin
Aim: a bat (heavily wounded)
The flame tongue hits the hobgoblin.
You kill the hobgoblin!
The bat hits you.
* * * LOW HITPOINT WARNING * * *
The bat hits you but does no damage. The bat closely misses you.
The bat hits you.
You die...

#......#####.......
#.........##....... ###
#..................
###.###########.........##.......
...................>.............
###.############?##.#############
....###......###l##.# #.........#
....(...........b.#.###.........#
.....##......###@.#..##.........#
....(........##......##.........#
##..P≈...≈≈.....≈.≈..............
≈≈≈≈≈≈≈≈≈≈P≈≈≈.≈≈PP.≈≈..≈.......#
≈≈≈≈≈≈≈≈≈≈≈≈)≈≈≈≈≈≈≈≈≈P≈≈.......#
≈≈≈PP≈≈≈≈≈≈≈≈≈)≈≈≈≈≈≈≈≈≈≈.≈.....#
#≈≈.≈≈≈≈P≈≈≈≈P≈≈≈≈≈≈≈≈≈≈≈≈≈≈≈...#
.....P≈.≈≈≈P....≈≈≈≈P≈≈≈≈≈≈P≈.≈.#
................≈≈≈.≈P≈≈≈≈≈≈≈P≈..


You could see a bat and a frilled lizard.

Vanquished Creatures
  3 oozes (D:1)
  3 dart slugs (D:1)
  A worm (D:2)
  A leopard gecko (D:1)
  2 giant cockroaches (D:1)
  4 goblins
  7 hobgoblins (D:1)
  4 jackals (D:1)
  A kobold (D:1)
  A bat (D:1)
  2 frilled lizards
  5 rats (D:1)
34 creatures vanquished.

Notes
Turn   | Place    | Note
-------+----------+-------------------------------------------
     0 | D:1      | pomescollege the Demonspawn Fire Elementalist began the quest for the Orb.
     0 | D:1      | Reached XP level 1. HP: 13/13 MP: 3/3
    96 | D:1      | Gained mutation: You have large cloven feet. [demonic ancestry]
    96 | D:1      | Reached XP level 2. HP: 15/19 MP: 0/5
   193 | D:1      | Reached skill level 3 in Fire Magic
   678 | D:1      | Reached XP level 3. HP: 24/24 MP: 3/6
   742 | D:1      | Learned a level 3 spell: Conjure Flame
  1342 | D:1      | HP: 1/24 [hobgoblin (4)]
  1348 | D:1      | Slain by a bat

Skill      XL: |  1  2  3 |
---------------+----------+-----
Dodging        | 2 |  2.1
Fire Magic     | 3 |  3.5
Conjurations   | 2 |  2.2
Stealth        | |  1.8
Spellcasting   | |  2.1

Action                   || total
-------------------------++-------
Melee: Dagger            ||     8
       Kick              ||     3
 Cast: Flame Tongue      ||    52
  Use: Scroll            ||     4
  Eat: Chunk             ||     2
Armor: Robe              ||    13
Dodge: Dodged            ||    48
